[Event "Titled Tuesday Blitz March 15 Late 2022"]
[White "Batsiashvili, Nino"]
[Black "Sarkar, Justin"]
[WhiteFideId "13602993"]
[BlackFideId "2010011"]
[WhiteElo "2192"]
[BlackElo "2038"]
[Result "1-0"]
[Round "06"]
[TimeControl "180+1"]
[Date "2022.03.16"]
[WhiteClock "0:01:24"]
[BlackClock "0:00:02"]

1. d4 Nf6 2. Nf3 d5 3. g3 e6 4. Bg2 Be7 5. O-O O-O 6. c4 c6 7. Nc3 Nbd7 8. Nd2 b6 9. e4 dxc4 10. Nxc4 Ba6 11. b3 Rc8 12. Bf4 b5 13. Nd6 Bxd6 14. Bxd6 Re8 15. e5 b4 16. Ne2 Nd5 17. Re1 c5 18. dxc5 Nxc5 19. Bxd5 exd5 20. Qxd5 Nd3 21. Red1 Nxe5 22. Bxe5 Bxe2 23. Qxd8 Rcxd8 24. Rxd8 Rxd8 25. f4 Rd1+ 26. Rxd1 Bxd1 27. Bd6 Bc2 28. Bxb4 Bb1 29. a3 Bc2 30. Bc5 Bxb3 31. Bxa7 f5 32. Kf2 Kf7 33. Ke3 Ke6 34. Kd4 Kd6 35. Bb8+ Kc6 36. Ke5 Bc2 37. Bd6 h5 38. Bf8 g6 39. Kf6 Kd5 40. Kxg6 1-0


[Site "https://www.chess.com"]

[Event "Titled Tuesday Blitz March 15 Late 2022"]
[White "Bluebaum, Matthias"]
[Black "Lysyj, Igor"]
[WhiteFideId "24651516"]
[BlackFideId "4150120"]
[WhiteElo "2550"]
[BlackElo "2611"]
[Result "1-0"]
[Round "06"]
[TimeControl "180+1"]
[Date "2022.03.15"]
[WhiteClock "0:00:07"]
[BlackClock "0:00:09"]

1. b3 Nf6 2. Bb2 e6 3. Nf3 b6 4. g3 Bb7 5. Bg2 Be7 6. c4 c5 7. O-O O-O 8. d4 cxd4 9. Qxd4 d6 10. Rd1 Nbd7 11. Nc3 a6 12. Rac1 Qc7 13. Nh4 Bxg2 14. Nxg2 Qb7 15. Ba3 Nc5 16. Qe3 Rfd8 17. Nf4 Ng4 18. Qd2 Ne5 19. Qc2 Bg5 20. Bb2 Bxf4 21. gxf4 Ng6 22. Qd2 Nh4 23. f3 Qe7 24. Ne4 Nxe4 25. fxe4 e5 26. f5 b5 27. Qe3 bxc4 28. Rxc4 d5 29. Rxd5 Rxd5 30. exd5 Nxf5 31. Qxe5 Qg5+ 32. Kh1 Qh5 33. d6 Qh3 34. Rf4 Ng3+ 35. Kg1 f6 36. Qd5+ Kf8 37. Qxa8+ Kf7 38. Qb7+ Kg6 39. Qg2 1-0


[Site "https://www.chess.com"]

[Event "Titled Tuesday Blitz March 15 Late 2022"]
[White "Bok, Benjamin"]
[Black "Suleymanli, Aydin"]
[WhiteFideId "1017063"]
[BlackFideId "13413937"]
[WhiteElo "2658"]
[BlackElo "2481"]
[Result "1-0"]
[Round "06"]
[TimeControl "180+1"]
[Date "2022.03.15"]
[WhiteClock "0:00:14"]
[BlackClock "0:00:32"]

1. d4 Nf6 2. c4 e6 3. Nc3 d5 4. cxd5 exd5 5. Bg5 c6 6. e3 Be7 7. Bd3 a5 8. Nf3 Na6 9. a3 Nc7 10. O-O Ne6 11. Bh4 g6 12. Rb1 O-O 13. Qc2 b5 14. Rfc1 Bb7 15. h3 Rc8 16. Qd1 Nd7 17. Bxe7 Qxe7 18. Qd2 Rfe8 19. e4 b4 20. axb4 axb4 21. Ne2 c5 22. e5 c4 23. Bc2 b3 24. Bd1 f6 25. Nc3 fxe5 26. dxe5 Rc5 27. Ra1 Ra8 28. Rxa8+ Bxa8 29. Ra1 Bc6 30. Ra7 Qd8 31. Nd4 Qb6 32. Nxe6 Qxa7 33. Qh6 Kf7 34. Qxh7+ Kxe6 35. Bg4+ Kxe5 36. Qe7+ 1-0


[Site "https://www.chess.com"]

[Event "Titled Tuesday Blitz March 15 Late 2022"]
[White "Bortnyk, Olexandr"]
[Black "Chiu, Isaac"]
[WhiteFideId "14120828"]
[BlackFideId "30900654"]
[WhiteElo "2723"]
[BlackElo "2117"]
[Result "1-0"]
[Round "06"]
[TimeControl "180+1"]
[Date "2022.03.16"]
[WhiteClock "0:01:27"]
[BlackClock "0:00:51"]

1. e4 e5 2. Bc4 Nf6 3. d3 c6 4. Nf3 d5 5. Bb3 a5 6. a4 Bb4+ 7. Bd2 Bxd2+ 8. Qxd2 Qc7 9. exd5 cxd5 10. Nc3 d4 11. Nb5 Qe7 12. Qg5 Nc6 13. Qxg7 Rg8 14. Qxf7+ Qxf7 15. Nd6+ Ke7 16. Nxf7 Rxg2 17. N7xe5 Nxe5 18. Nxe5 Kd6 19. Nc4+ Kc5 20. O-O-O Rxf2 21. Rde1 Ra6 22. Re5+ Kc6 23. Nxa5+ Kc7 24. Nc4 Bd7 25. a5 Ng4 26. Re7 Rh6 27. Ba4 Nf6 28. Bxd7 Kd8 29. Rf7 Rhxh2 30. Rxh2 Rxh2 31. Rxf6 Kxd7 32. Rd6+ Kc7 33. Rxd4 h5 34. Rd6 h4 35. Rh6 h3 36. b4 Rh1+ 37. Kb2 h2 38. Kc3 Kb8 39. b5 Ka7 40. Rh8 b6 41. axb6+ Kb7 42. Rh7+ Kb8 43. Na5 Ra1 44. Nc6+ Ka8 45. b7# 1-0


[Site "https://www.chess.com"]

[Event "Titled Tuesday Blitz March 15 Late 2022"]
[White "Bryakin, Mikhail"]
[Black "Travadon, Loic"]
[WhiteFideId "4165314"]
[BlackFideId "26092131"]
[WhiteElo "2417"]
[BlackElo "2095"]
[Result "0-1"]
[Round "06"]
[TimeControl "180+1"]
[Date "2022.03.15"]
[WhiteClock "0:00:12"]
[BlackClock "0:00:20"]

1. e4 b6 2. Nc3 Bb7 3. Nf3 e6 4. d3 Bb4 5. Bd2 Ne7 6. a3 Bxc3 7. Bxc3 O-O 8. Be2 d6 9. O-O Nd7 10. h3 f6 11. a4 e5 12. b3 a5 13. Nd2 Nc5 14. f4 exf4 15. Rxf4 Ne6 16. Rf1 Ng6 17. Bg4 Qe7 18. Nf3 Rae8 19. Qd2 Ne5 20. Bxe6+ Qxe6 21. Nd4 Qd7 22. Nf5 d5 23. exd5 Bxd5 24. Rae1 g6 25. Bxe5 fxe5 26. Nh6+ Kg7 27. Ng4 Qd6 28. Qh6+ Kg8 29. Rxf8+ Rxf8 30. Rxe5 Be6 31. Qe3 Bxg4 32. hxg4 Qc6 33. c4 Qf6 34. d4 Qf1+ 35. Kh2 Qf6 36. Kg3 Qd6 37. Kh3 Rf1 38. Re8+ Kf7 39. Re5 Qf6 40. g5 Qd6 41. Kg4 Qd7+ 42. Kg3 Qd6 43. Qe2 Rf5 44. Qe4 Rxg5+ 45. Kf4 Qf6+ 46. Ke3 Rg3+ 47. Ke2 Rxb3 48. Qd5+ Kg7 49. Qd7+ Kh6 50. Re7 Rb2+ 51. Kd3 Qf1+ 52. Ke4 Qxg2+ 53. Ke5 Re2+ 54. Kf6 Qf1+ 0-1


[Site "https://www.chess.com"]

[Event "Titled Tuesday Blitz March 15 Late 2022"]
[White "Cagara, Paulina"]
[Black "Vifleemskaia, Svetlana"]
[WhiteFideId "1124870"]
[BlackFideId "4129490"]
[WhiteElo "1780"]
[BlackElo "1901"]
[Result "0-1"]
[Round "06"]
[TimeControl "180+1"]
[Date "2022.03.16"]
[WhiteClock "0:00:01"]
[BlackClock "0:00:04"]

1. e4 e5 2. Nf3 Nc6 3. c3 d5 4. Qa4 Ne7 5. Nxe5 dxe4 6. Nxc6 Nxc6 7. Qxe4+ Be7 8. Bb5 O-O 9. Bxc6 bxc6 10. O-O Bb7 11. d4 Rb8 12. Qg4 c5 13. Bh6 Bf6 14. dxc5 Qd5 15. Be3 h5 16. Qh3 Bc8 17. Qf3 Qxf3 18. gxf3 Rxb2 19. Bd4 Bxd4 20. cxd4 Rd8 21. Rd1 Rb4 22. Na3 Be6 23. Nc2 Rb2 24. Ne3 Bxa2 25. d5 a5 26. d6 cxd6 27. cxd6 a4 28. Rd3 Bb3 29. Nf5 g6 30. Ne7+ Kg7 31. d7 Be6 32. Rad1 Rb7 33. Nc6 Rdxd7 34. Rxd7 Rxd7 35. Ra1 Rc7 36. Nd4 Rc4 37. Nxe6+ fxe6 38. Ra3 Kf6 39. Kg2 Kf5 40. Kg3 Ke5 41. h4 Kd5 42. Rd3+ Rd4 43. Re3 e5 44. Rc3 Rc4 45. Rd3+ Rd4 46. Rc3 Rc4 47. Rd3+ Kc5 48. Re3 Kd6 49. Rd3+ Rd4 50. Rc3 Ke6 51. Rc6+ Kf5 52. Ra6 Rb4 53. Ra8 Kf6 54. Rf8+ Kg7 55. Re8 Kf6 56. Rf8+ Ke7 57. Rg8 Kf7 58. Ra8 Kf6 59. Ra6+ Kf5 60. Ra5 Rc4 61. Ra6 g5 62. hxg5 Kxg5 63. Ra5 h4+ 64. Kh3 Kf4 65. Kg2 Kf5 66. Ra8 Rf4 67. Rf8+ Ke6 68. Re8+ Kd5 69. Ra8 Kc5 70. Ra5+ Kd6 71. Ra6+ Kd5 72. Ra5+ Ke6 73. Ra6+ Kf5 74. Ra5 Rb4 75. Ra8 Kf4 76. Rh8 Kg5 77. Rg8+ Kf6 78. Rf8+ Ke6 79. Re8+ Kd6 80. Ra8 Kc6 81. Ra5 Kd6 82. Ra6+ Kd5 83. Ra5+ Kd4 84. Kh3 Kc3 85. Rxe5 a3 86. Re3+ Kb2 87. f4 a2 88. Re2+ Kb3 89. Re1 Ka3 90. Kxh4 Rb1 91. Re3+ Ka4 92. Re8 a1=Q 93. Ra8+ Kb5 94. Rxa1 Rxa1 95. Kg5 Kc6 0-1


[Site "https://www.chess.com"]

[Event "Titled Tuesday Blitz March 15 Late 2022"]
[White "Cervantes Landeiro, Thalia"]
[Black "Albuquerque Junior,Wellington S."]
[WhiteFideId "3520498"]
[BlackFideId "2151480"]
[WhiteElo "2021"]
[BlackElo "2042"]
[Result "1-0"]
[Round "06"]
[TimeControl "180+1"]
[Date "2022.03.16"]
[WhiteClock "0:00:27"]
[BlackClock "0:00:20"]

1. d4 Nf6 2. c4 c5 3. d5 b5 4. cxb5 a6 5. bxa6 g6 6. Nc3 Bg7 7. Nf3 O-O 8. a7 Rxa7 9. e4 d6 10. Be2 Qa5 11. O-O Ba6 12. a4 Bxe2 13. Qxe2 Nfd7 14. Bd2 Qa6 15. Nb5 Rb7 16. Bc3 f6 17. b3 Rc8 18. Nd2 Nb6 19. Qg4 N8d7 20. f4 c4 21. Qe6+ Kf8 22. b4 Nxa4 23. Nd4 Qa7 24. Kh1 Rbc7 25. Nc6 Rxc6 26. dxc6 Rxc6 27. e5 dxe5 28. Qxc6 1-0


[Site "https://www.chess.com"]

[Event "Titled Tuesday Blitz March 15 Late 2022"]
[White "Chen, Justin"]
[Black "Narayanan.S.L"]
[WhiteFideId "2098199"]
[BlackFideId "5058422"]
[WhiteElo "2488"]
[BlackElo "2494"]
[Result "0-1"]
[Round "06"]
[TimeControl "180+1"]
[Date "2022.03.15"]
[WhiteClock "0:00:02"]
[BlackClock "0:00:26"]

1. e4 e5 2. Bc4 Nc6 3. Nf3 Nf6 4. d4 exd4 5. O-O Nxe4 6. Nc3 Nxc3 7. bxc3 d5 8. Bb5 Be7 9. Ne5 Bd7 10. Bxc6 bxc6 11. Qf3 O-O 12. cxd4 f6 13. Nxd7 Qxd7 14. Ba3 Bd6 15. Rfe1 Rae8 16. h3 f5 17. Bxd6 cxd6 18. Rab1 Re4 19. Qc3 h6 20. f3 Rxe1+ 21. Rxe1 Re8 22. Rxe8+ Qxe8 23. Kf1 f4 24. Kg1 Kf7 25. Kh2 g5 26. Qa3 Qd7 27. Qd3 Kf6 28. Qb3 Qc7 29. Qb4 h5 30. Qb1 g4 31. fxg4 hxg4 32. Qf1 g3+ 33. Kh1 Kf5 34. Qd3+ Kg5 35. Qf3 Qf7 36. Qg4+ Kh6 37. Qh4+ Kg7 38. Qg5+ Kf8 39. Qd8+ Qe8 40. Qf6+ Kg8 41. Qg5+ Kh7 42. Qh4+ Kg7 43. Qg5+ Qg6 44. Qxf4 c5 45. h4 c4 46. Kg1 Qxc2 47. Qxg3+ Kh7 48. Qxd6 Qd1+ 49. Kh2 Qxd4 50. Qe7+ Kg6 51. Qe6+ Kh7 52. Qf7+ Kh6 53. Qe6+ Kg7 54. Qe7+ Kg6 55. Qe6+ Qf6 56. Qxd5 Qxh4+ 57. Kg1 Qe1+ 58. Kh2 c3 59. Qd6+ Kf5 60. Qf8+ Kg5 61. Qd8+ Kf4 62. Qd4+ Kf5 63. Qd5+ Qe5+ 0-1


[Site "https://www.chess.com"]

[Event "Titled Tuesday Blitz March 15 Late 2022"]
[White "Chyngyz, Sultai"]
[Black "Baches Garcia, Guillermo"]
[WhiteFideId "13803158"]
[BlackFideId "2209764"]
[WhiteElo "1365"]
[BlackElo "2437"]
[Result "0-1"]
[Round "06"]
[TimeControl "180+1"]
[Date "2022.03.16"]
[WhiteClock "0:01:27"]
[BlackClock "0:00:39"]

1. e4 c5 2. Nf3 d6 3. d4 cxd4 4. Nxd4 Nf6 5. Nc3 Nc6 6. Nxc6 bxc6 7. Bc4 e6 8. O-O Be7 9. Be3 O-O 10. h3 d5 11. exd5 cxd5 12. Bb3 Bb7 13. Bd4 Nd7 14. f4 Bc5 15. Kh1 Bxd4 16. Qxd4 Qb6 17. Ne2 Ba6 18. Rfe1 Nf6 19. Qe5 Ne4 20. Nd4 Rae8 21. c3 f6 22. Qh5 Ng3+ 23. Kh2 Nxh5 24. f5 Bc4 25. fxe6 Bxb3 26. axb3 Nf4 27. e7 Rf7 28. Nf5 Qf2 29. Rg1 Nxh3 30. Nh6+ gxh6 31. Kxh3 Rexe7 32. g3 Re2 33. Rgb1 Qh2+ 34. Kg4 Re4+ 35. Kf3 Qe2# 0-1


[Site "https://www.chess.com"]

[Event "Titled Tuesday Blitz March 15 Late 2022"]
[White "Ciolek, Andreas"]
[Black "Magallanes, Rey Jomar"]
[WhiteFideId "12906727"]
[BlackFideId "5205948"]
[WhiteElo "2215"]
[BlackElo "2226"]
[Result "1-0"]
[Round "06"]
[TimeControl "180+1"]
[Date "2022.03.16"]
[WhiteClock "0:01:10"]
[BlackClock "0:01:15"]

1. d4 d5 2. Nf3 Nf6 3. g3 e6 4. Bg2 Nc6 5. O-O Bd6 6. c4 O-O 7. Nbd2 b6 8. Qc2 Ba6 9. Re1 dxc4 10. Nxc4 Nd5 11. a3 Bxc4 12. Qxc4 Na5 13. Qc2 Rc8 14. b4 Nb7 15. Qc6 Rb8 16. e4 Ne7 17. Qc3 c5 18. dxc5 bxc5 19. Bb2 f6 20. Rad1 Qc7 21. Qc4 Kf7 22. Bh3 Qc8 23. e5 fxe5 24. Bxe5 Nd5 25. Rxd5 Bxe5 26. Rdxe5 Kg8 27. Bxe6+ 1-0


[Site "https://www.chess.com"]

[Event "Titled Tuesday Blitz March 15 Late 2022"]
[White "Constantinou, Peter"]
[Black "Hess, Max"]
[WhiteFideId "413038"]
[BlackFideId "24656666"]
[WhiteElo "2230"]
[BlackElo "2276"]
[Result "1-0"]
[Round "06"]
[TimeControl "180+1"]
[Date "2022.03.16"]
[WhiteClock "0:01:33"]
[BlackClock "0:00:01"]

1. e4 c6 2. Nf3 d5 3. Nc3 dxe4 4. Nxe4 Nf6 5. Qe2 Nxe4 6. Qxe4 Nd7 7. Bc4 Nf6 8. Ne5 e6 9. Qe2 b5 10. Bb3 Qc7 11. d4 Bd6 12. O-O O-O 13. c3 a5 14. Bf4 c5 15. dxc5 Qxc5 16. Qf3 Rb8 17. Ng4 Nxg4 18. Qxg4 Bxf4 19. Qxf4 Bb7 20. Rad1 Rfd8 21. a3 h6 22. h4 Qc6 23. Qg3 Qb6 24. h5 Rxd1 25. Rxd1 Rd8 26. Qf4 Rxd1+ 27. Bxd1 Qd8 28. Be2 Qd7 29. b4 axb4 30. axb4 f5 31. Qe5 Bd5 32. Kh2 Kf7 33. Bd3 Qc6 34. f3 Qd7 35. g4 fxg4 36. Bg6+ Kg8 37. fxg4 Bc6 38. Kg3 Kf8 39. Qc5+ Kg8 40. Qe5 Kf8 41. Qf4+ Ke7 42. Kf2 Qa7+ 43. Ke2 Qa2+ 44. Ke3 Qb2 45. Qf7+ Kd6 46. Qf8+ Kc7 47. Qxg7+ Kc8 48. Qf8+ Kb7 49. Qc5 Qc1+ 50. Ke2 Qc2+ 51. Ke3 Qc1+ 52. Ke2 Qb2+ 53. Kd3 Qb1+ 54. Kd4 Qg1+ 55. Ke5 1-0


[Site "https://www.chess.com"]

[Event "Titled Tuesday Blitz March 15 Late 2022"]
[White "Curtis, John"]
[Black "Spitzl, Vinzent"]
[WhiteFideId "3200256"]
[BlackFideId "12901253"]
[WhiteElo "2203"]
[BlackElo "2160"]
[Result "0-1"]
[Round "06"]
[TimeControl "180+1"]
[Date "2022.03.16"]
[WhiteClock "0:00:06"]
[BlackClock "0:00:18"]

1. Nf3 Nf6 2. g3 e6 3. Bg2 d5 4. O-O Be7 5. d3 O-O 6. Bf4 Nc6 7. Ne5 Nxe5 8. Bxe5 Bd6 9. Bxd6 Qxd6 10. Nc3 e5 11. e4 Bg4 12. Qd2 dxe4 13. Nxe4 Nxe4 14. Bxe4 c6 15. Bg2 Rad8 16. Qc3 Be6 17. Rfe1 f6 18. Re3 Bd5 19. Rae1 Kh8 20. a3 b6 21. b4 Rc8 22. Be4 c5 23. Bxd5 Qxd5 24. Qb2 Rfd8 25. Re4 c4 26. dxc4 Rxc4 27. R4e2 Rdc8 28. f4 e4 29. Qb1 Qd4+ 30. Kg2 Qc3 31. Kh3 Qf3 32. Rd2 Qh5+ 33. Kg2 Qf3+ 34. Kg1 h5 35. Qd1 Qxd1 36. Rexd1 Rxc2 37. Rxc2 Rxc2 38. f5 Ra2 0-1


[Site "https://www.chess.com"]

[Event "Titled Tuesday Blitz March 15 Late 2022"]
[White "Dauner, Benedikt"]
[Black "Papasimakopoulos, Alexandros"]
[WhiteFideId "16225899"]
[BlackFideId "4244125"]
[WhiteElo "2230"]
[BlackElo "2340"]
[Result "0-1"]
[Round "06"]
[TimeControl "180+1"]
[Date "2022.03.16"]
[WhiteClock "0:00:01"]
[BlackClock "0:00:03"]

1. d4 e6 2. Nf3 Nf6 3. Bf4 c5 4. c3 Nc6 5. e3 d5 6. Nbd2 Bd6 7. Bg3 Qe7 8. Ne5 Nd7 9. Nxd7 Bxd7 10. dxc5 Bxg3 11. hxg3 Qxc5 12. Bd3 h6 13. Qe2 Ne5 14. O-O-O a5 15. Kb1 a4 16. a3 Nxd3 17. Qxd3 O-O 18. Qd4 Qc7 19. f4 f6 20. Nf3 Bc6 21. g4 Rae8 22. g5 e5 23. Qb4 hxg5 24. fxg5 f5 25. Qh4 Qd6 26. Qh5 Re6 27. Nxe5 Qxe5 28. g6 Rxg6 29. Qxg6 Be8 30. Qg5 Rf6 31. Qf4 Qe6 32. Rd2 Rf8 33. Rhd1 d4 34. Rxd4 Bf7 35. c4 b5 36. Qd6 Qxe3 37. cxb5 Qb3 38. Rd5 Rc8 39. b6 g6 40. b7 Qxb7 41. R5d4 Qb3 42. Rd5 Rb8 43. R1d2 Rc8 44. Qd7 Qc4 0-1


[Site "https://www.chess.com"]

[Event "Titled Tuesday Blitz March 15 Late 2022"]
[White "Della Morte, German"]
[Black "Urazayev, Arystanbek"]
[WhiteFideId "113522"]
[BlackFideId "13709810"]
[WhiteElo "2363"]
[BlackElo "2393"]
[Result "0-1"]
[Round "06"]
[TimeControl "180+1"]
[Date "2022.03.15"]
[WhiteClock "0:00:28"]
[BlackClock "0:02:08"]

1. e4 c6 2. Nf3 d5 3. d3 Qc7 4. g3 dxe4 5. dxe4 e5 6. Bg2 Be6 7. Ng5 Bc4 8. b3 Ba6 9. c4 h6 10. Nf3 Nf6 11. O-O Nbd7 12. Bb2 Be7 13. Qc2 O-O 14. Re1 Rfe8 15. Nbd2 Rad8 16. Nf1 b6 17. Ne3 Bf8 18. h3 Bc8 19. Ng4 Nxg4 20. hxg4 Nc5 21. g5 hxg5 22. Nxg5 Nd3 23. Re2 Nxb2 24. Qxb2 Bc5 25. Qc2 Bg4 26. Bf3 Qd7 27. Kg2 f6 28. Bxg4 Qxg4 29. Nf3 Kf7 30. Rd1 Rh8 31. Ng1 Bd4 32. c5 b5 33. a4 a6 34. axb5 axb5 35. Rd3 Qh5 36. Rf3 Qh1+ 37. Kf1 Rh2 0-1


[Site "https://www.chess.com"]

[Event "Titled Tuesday Blitz March 15 Late 2022"]
[White "Demchenko, Anton"]
[Black "Riehle, Marco"]
[WhiteFideId "4160258"]
[BlackFideId "12904392"]
[WhiteElo "2539"]
[BlackElo "2462"]
[Result "0-1"]
[Round "06"]
[TimeControl "180+1"]
[Date "2022.03.15"]
[WhiteClock "0:00:01"]
[BlackClock "0:00:04"]

1. e4 e5 2. Nf3 Nf6 3. Nxe5 Nxe4 4. Nf3 d5 5. d4 Bd6 6. Bd3 O-O 7. h3 Re8 8. O-O Bf5 9. c4 c6 10. Nc3 Nxc3 11. bxc3 Bxd3 12. Qxd3 dxc4 13. Qxc4 Nd7 14. a4 h6 15. Rb1 Qc7 16. Qb3 b6 17. Rd1 Rad8 18. Qc4 Nf6 19. Bb2 Nd5 20. Re1 Nf4 21. Re3 Nd5 22. Ree1 Nf4 23. Rbd1 Rxe1+ 24. Rxe1 Nd5 25. Qb3 Qd7 26. Qc2 Re8 27. Ne5 f6 28. Nf3 Rxe1+ 29. Nxe1 Qe6 30. Nf3 Nf4 31. c4 h5 32. Kf1 a6 33. Bc1 b5 34. d5 cxd5 35. cxb5 axb5 36. axb5 Bb8 37. Bxf4 Bxf4 38. Qb3 Bc7 39. Nd4 Qe4 40. Ne2 Bb6 41. Ng3 Qd4 42. Qc2 h4 43. Nh1 Qe5 44. Kg1 d4 45. Qd3 Qd5 46. g3 Qc5 47. gxh4 Qc3 0-1


[Site "https://www.chess.com"]

[Event "Titled Tuesday Blitz March 15 Late 2022"]
[White "Drozdowski, Kacper"]
[Black "Babazada, Khazar"]
[WhiteFideId "1136720"]
[BlackFideId "13413554"]
[WhiteElo "2507"]
[BlackElo "2418"]
[Result "1/2-1/2"]
[Round "06"]
[TimeControl "180+1"]
[Date "2022.03.15"]
[WhiteClock "0:00:20"]
[BlackClock "0:00:16"]

1. e4 Nf6 2. e5 Nd5 3. d4 Nb6 4. Nf3 d6 5. Be2 g6 6. O-O Bg7 7. exd6 cxd6 8. c4 O-O 9. Nc3 Bf5 10. b3 Nc6 11. Be3 d5 12. c5 Nc8 13. h3 e6 14. Qd2 N8e7 15. Rfd1 Be4 16. Ne1 Nf5 17. Nxe4 dxe4 18. Nc2 Nce7 19. Rac1 Nd5 20. Bc4 Ndxe3 21. fxe3 Bh6 22. Qf2 Ne7 23. d5 exd5 24. Nb4 d4 25. Rxd4 Qc7 26. Rxe4 Nf5 27. Nd5 Qxc5 28. Nf6+ Kh8 29. Re1 Rad8 30. Ng4 Bg7 31. Rf4 Rfe8 32. Bxf7 Re7 33. Bc4 Rde8 34. b4 Qb6 35. Bd3 Nxe3 36. Nxe3 Rxe3 37. Rxe3 Qxe3 38. Qxe3 Rxe3 39. Bc4 Re7 40. Kf1 Bc3 41. b5 Kg7 42. Bd5 Ba5 43. Re4 Rd7 44. Be6 Rd1+ 45. Ke2 Rd2+ 46. Kf3 Bb6 47. Bb3 Kf6 48. h4 h5 49. g4 hxg4+ 50. Rxg4 Rd3+ 51. Ke2 Rd4 52. Rxd4 Bxd4 53. Kf3 b6 54. Kg4 1/2-1/2


[Site "https://www.chess.com"]

[Event "Titled Tuesday Blitz March 15 Late 2022"]
[White "Dubov, Daniil"]
[Black "Matlakov, Maxim"]
[WhiteFideId "24126055"]
[BlackFideId "4168003"]
[WhiteElo "2791"]
[BlackElo "2669"]
[Result "1-0"]
[Round "06"]
[TimeControl "180+1"]
[Date "2022.03.15"]
[WhiteClock "0:01:43"]
[BlackClock "0:00:39"]

1. d4 d5 2. Nf3 Nf6 3. c4 c6 4. cxd5 cxd5 5. Nc3 Nc6 6. Bf4 Bf5 7. Qb3 Na5 8. Qa4+ Bd7 9. Qc2 e6 10. e3 Bb4 11. Bd3 Rc8 12. O-O O-O 13. Bg5 h6 14. Bh4 Be7 15. Rac1 Nc6 16. a3 Nh5 17. Bxe7 Qxe7 18. Ne5 Nf6 19. f4 Rfd8 20. Qf2 Na5 21. g4 Be8 22. g5 hxg5 23. fxg5 Nh5 24. Qh4 g6 25. Ng4 Nc4 26. Nf6+ Nxf6 27. gxf6 Qf8 28. Rf3 1-0


[Site "https://www.chess.com"]

[Event "Titled Tuesday Blitz March 15 Late 2022"]
[White "Eames, Robert S"]
[Black "Desideri, Ricardo Maruchi"]
[WhiteFideId "408743"]
[BlackFideId "2110440"]
[WhiteElo "2105"]
[BlackElo "1945"]
[Result "1-0"]
[Round "06"]
[TimeControl "180+1"]
[Date "2022.03.16"]
[WhiteClock "0:00:53"]
[BlackClock "0:00:13"]

1. e4 c5 2. Nc3 d6 3. d4 cxd4 4. Qxd4 a6 5. b3 e6 6. Bb2 Nf6 7. O-O-O Nbd7 8. f3 b5 9. g4 h6 10. Nge2 Qc7 11. Kb1 Bb7 12. Bg2 Rc8 13. h4 Ne5 14. g5 Nc6 15. Qd2 Nd7 16. g6 b4 17. Na4 fxg6 18. Nf4 Kf7 19. Bh3 Nd8 20. Rhg1 Ne5 21. Bxe5 dxe5 22. Nxg6 Rg8 23. Qd7+ Kf6 24. Qxc7 Rxc7 25. Rxd8 Bc5 26. Rxg8 Bxg1 27. Nf8 Re7 28. Bxe6 Rxe6 29. Nxe6 Kf7 30. Rb8 1-0


[Site "https://www.chess.com"]

[Event "Titled Tuesday Blitz March 15 Late 2022"]
[White "Fishbein, Alexander"]
[Black "Fishbein, Mitch"]
[WhiteFideId "2000377"]
[BlackFideId "30922917"]
[WhiteElo "2442"]
[BlackElo "1939"]
[Result "1/2-1/2"]
[Round "06"]
[TimeControl "180+1"]
[Date "2022.03.16"]
[WhiteClock "0:02:49"]
[BlackClock "0:02:51"]

1. Nf3 Nf6 2. c4 g6 3. Nc3 Bg7 4. e4 d6 5. d4 O-O 6. Be2 e5 7. dxe5 dxe5 8. Qxd8 Rxd8 9. Bg5 Re8 10. Nd5 Nxd5 11. cxd5 c6 12. Bc4 cxd5 13. Bxd5 Nd7 14. O-O h6 15. Be3 Nf6 1/2-1/2


[Site "https://www.chess.com"]

[Event "Titled Tuesday Blitz March 15 Late 2022"]
[White "Foisor, Sabina-Francesca"]
[Black "Sailer, Mike"]
[WhiteFideId "1212915"]
[BlackFideId "2012901"]
[WhiteElo "2243"]
[BlackElo "2109"]
[Result "1-0"]
[Round "06"]
[TimeControl "180+1"]
[Date "2022.03.16"]
[WhiteClock "0:00:14"]
[BlackClock "0:00:02"]

1. d4 d5 2. c4 Bf5 3. cxd5 Bxb1 4. Rxb1 Qxd5 5. Nf3 Qxa2 6. Bf4 Nc6 7. Bxc7 e5 8. e3 Bb4+ 9. Nd2 Nf6 10. Bd3 exd4 11. O-O Bxd2 12. Qxd2 O-O 13. e4 Qe6 14. Rbe1 Ne5 15. Bxe5 Qxe5 16. f4 Qh5 17. Rf3 Ng4 18. Rh3 Qc5 19. e5 g6 20. Qe2 Ne3 21. Qf2 Rac8 22. Qh4 h5 23. Qg5 Qc1 24. Rxc1 Rxc1+ 25. Kf2 Ng4+ 26. Kg3 Rd1 27. Bxg6 1-0


[Site "https://www.chess.com"]

[Event "Titled Tuesday Blitz March 15 Late 2022"]
[White "Gatterer, Florian"]
[Black "Odegov, Artem"]
[WhiteFideId "811688"]
[BlackFideId "34183644"]
[WhiteElo "2218"]
[BlackElo "2286"]
[Result "1/2-1/2"]
[Round "06"]
[TimeControl "180+1"]
[Date "2022.03.16"]
[WhiteClock "0:00:51"]
[BlackClock "0:02:04"]

1. e4 e6 2. d4 d5 3. Nc3 Bb4 4. exd5 exd5 5. Bd3 Nf6 6. Ne2 O-O 7. Bf4 Nc6 8. O-O Bg4 9. h3 Bh5 10. a3 Be7 11. Qd2 Qd7 12. Ng3 Bg6 13. Nce2 Rae8 14. c3 Bd6 15. Bxd6 Qxd6 16. Nf4 Ne4 17. Bxe4 Bxe4 18. Nxe4 Rxe4 19. Nd3 b6 20. Rae1 Rfe8 21. f3 R4e7 22. Rxe7 Rxe7 23. Re1 a5 24. Rxe7 Qxe7 25. Qe1 Qxe1+ 26. Nxe1 f6 27. Kf2 Kf7 28. Ke3 Ke6 29. Kd3 a4 30. Nc2 Na5 31. Ne3 b5 32. f4 Nc4 33. Nxc4 dxc4+ 34. Ke4 f5+ 35. Kf3 Kd5 36. Ke3 h5 37. h4 c6 38. Kf3 Ke6 39. Ke3 Kd6 40. Kf3 c5 41. dxc5+ Kxc5 42. Ke3 Kd5 43. Kf3 g6 44. Ke3 Kc5 45. Kf3 Kc6 46. Ke3 Kd5 47. Kf3 1/2-1/2


[Site "https://www.chess.com"]

[Event "Titled Tuesday Blitz March 15 Late 2022"]
[White "Gledura, Benjamin"]
[Black "Niemann, Hans Moke"]
[WhiteFideId "712779"]
[BlackFideId "2093596"]
[WhiteElo "2326"]
[BlackElo "2632"]
[Result "0-1"]
[Round "06"]
[TimeControl "180+1"]
[Date "2022.03.15"]
[WhiteClock "0:00:09"]
[BlackClock "0:00:45"]

1. Nf3 g6 2. d4 Bg7 3. e4 c6 4. Nc3 d5 5. h3 dxe4 6. Nxe4 Nf6 7. Nxf6+ exf6 8. Bc4 O-O 9. O-O b5 10. Bb3 Nd7 11. c3 Nb6 12. Re1 a5 13. Bc2 a4 14. Bd2 Be6 15. b3 Re8 16. Rb1 Bf8 17. Be4 Qd7 18. Qc2 Ra6 19. Nh2 f5 20. Bd3 Rea8 21. b4 f6 22. Re2 Re8 23. Rbe1 Raa8 24. Nf1 Qf7 25. a3 Bb3 26. Qb1 Nc4 27. Bc1 Nb6 28. Nd2 Bd5 29. Nf1 Bd6 30. Qc2 Bb3 31. Rxe8+ Rxe8 32. Rxe8+ Qxe8 33. Qe2 Qf7 34. Nd2 Bd5 35. Nf1 Qe6 36. Qxe6+ Bxe6 37. f3 Kf7 38. Kf2 f4 39. Nd2 f5 40. Bc2 Bd5 41. Ke2 Kf6 42. Nf1 Bc4+ 43. Ke1 g5 44. Nd2 Bd5 45. Nf1 h5 46. Nd2 Ke6 47. Nf1 Nc4 48. Bd3 g4 49. hxg4 hxg4 50. Ke2 Kf6 51. Kf2 Nb6 52. Nd2 Bc7 53. Nf1 Nc4 54. Ke2 Kg5 55. Kf2 Kh4 56. Bxf4 Bxf4 57. g3+ Kg5 58. Bxc4 Bxc4 59. gxf4+ Kxf4 60. Ng3 gxf3 61. Nh5+ Ke4 62. Ng7 Bf7 63. Kf1 Kf4 64. Kf2 Kg5 65. Kxf3 Kg6 0-1


[Site "https://www.chess.com"]